 Dungeon Crawl Stone Soup version 0.31-a0-339-gda1cbd555d (webtiles) character file.

Game seed: 2392142002172461818

2291 IndexError the Magician (level 9, -18/65 HPs)
             Began as a Gnoll Fire Elementalist on July 20, 2023.
             Was a Follower of Vehumet.
             Demolished by an orc warrior
             ... wielding a +0 glaive
              (28 damage)
             ... in a bailey.
             The game lasted 00:10:07 (8337 turns).

IndexError the Magician (Gnoll Fire Elementalist)   Turns: 8337, Time: 00:10:07

Health: -18/65     AC:  8    Str:  7    XL:     9   Next: 40%
Magic:  7/19       EV: 14    Int: 18    God:    Vehumet [*.....]
Gold:   374        SH:  0    Dex: 14    Spells: 11/21 levels left

rFire   . . .        m - +4 dagger
rCold   . . .        (no shield)
rNeg    . . .        a - +0 robe
rPois   .            I - +0 helmet
rElec   .            A - +0 cloak
rCorr   +            h - +1 pair of gloves
SInv    .            B - +0 pair of boots
Will    .....        D - amulet of magic regeneration
Stlth   +++          g - ring of resist corrosion
HPRegen 0.30/turn    (no ring)
MPRegen 0.56/turn

%: no passive effects
@: no status effects
A: fangs 1, strong nose, distributed training
a: Renounce Religion


You were in a bailey.
You worshipped Vehumet.
Vehumet was aware of your devotion.
You visited 2 branches of the dungeon, and saw 8 of its levels.
You also visited: Bailey.

You collected 374 gold pieces.

Inventory:

Hand Weapons
 m - a +4 dagger (weapon)
   (You took it off a kobold on level 2 of the Dungeon)
 n - a +2 dagger of holy wrath
   (You took it off a goblin on level 1 of the Dungeon)
Missiles
 r - 4 atropa-tipped darts
 w - 3 javelins
Armour
 a - a +0 robe (worn)
 h - a +1 pair of gloves (worn)
   (You found it on level 2 of the Dungeon)
 A - a +0 cloak (worn)
   (You found it on level 4 of the Dungeon)
 B - a +0 pair of boots (worn)
   (You found it on level 4 of the Dungeon)
 I - a +0 helmet (worn)
   (You found it on level 6 of the Dungeon)
Magical Staves
 H - a staff of death {rN+}
   (You found it on level 6 of the Dungeon)
Jewellery
 g - a ring of resist corrosion (left hand)
   (You found it on level 1 of the Dungeon)
 D - an amulet of magic regeneration (around neck)
   (You took it off an orc on level 6 of the Dungeon)
 J - a ring of ice {rC+, rF-}
   (You found it on level 6 of the Dungeon)
Wands
 F - a wand of roots (6)
   (You found it on level 5 of the Dungeon)
Scrolls
 d - 6 scrolls of identify {unknown}
 e - 3 scrolls of fog {unknown}
 f - a scroll of amnesia {unknown}
 j - a scroll of acquirement {unknown}
 k - a scroll of teleportation {unknown}
 l - 3 scrolls of revelation {unknown}
 p - a scroll of poison {unknown}
 s - 2 scrolls of vulnerability {unknown}
 v - 2 scrolls of enchant weapon {unknown}
 y - a scroll of noise {unknown}
 z - a scroll of torment {unknown}
 K - a scroll of fear {unknown}
Potions
 b - 2 potions of magic
 c - a potion of haste {unknown}
 i - 2 potions of brilliance {unknown}
 o - a potion of lignification {unknown}
 q - a potion of might {unknown}
 t - a potion of mutation {unknown}
 u - a potion of cancellation {unknown}
 x - a potion of resistance {unknown}
 C - a potion of invisibility {unknown}
 E - a potion of curing {unknown}
 G - a potion of enlightenment {unknown}


   Skills:
 + Level 4.3 Fighting
 + Level 4.3 Short Blades
 + Level 4.3 Long Blades
 + Level 4.3 Axes
 + Level 4.3 Maces & Flails
 + Level 4.3 Polearms
 + Level 4.3 Staves
 + Level 4.3 Ranged Weapons
 + Level 4.3 Throwing
 + Level 4.3 Armour
 + Level 6.3 Dodging
 + Level 6.1 Stealth
 + Level 4.3 Shields
 + Level 4.3 Unarmed Combat
 + Level 6.6 Spellcasting
 + Level 4.2 Conjurations
 + Level 3.5 Hexes
 + Level 3.5 Summonings
 + Level 3.5 Necromancy
 + Level 3.5 Translocations
 + Level 3.5 Transmutations
 + Level 6.6 Fire Magic
 + Level 3.5 Ice Magic
 + Level 3.5 Air Magic
 + Level 3.5 Earth Magic
 + Level 3.5 Poison Magic
 + Level 4.7 Invocations
 + Level 4.3 Evocations
 + Level 3.5 Shapeshifting


You had 11 spell levels left.
You knew the following spells:

 Your Spells              Type           Power      Damage    Failure   Level
a - Foxfire               Conj/Fire      100%       2x1d9     1%          1
b - Scorch                Fire           58%        2d7       1%          2
c - Inner Flame           Hex/Fire       24%        N/A       4%          3
d - Airstrike             Air            9%         2d(2-18)  26%         4

Your spell library contained the following spells:

 Spells                   Type           Power      Damage    Failure   Level
 Sandblast                Erth           36%        2d10      2%          1
 Shock                    Conj/Air       76%        1d7       2%          1
 Cigotuvi's Dreadful Rot  Necr/Pois/Air  36%        N/A       4%          2
 Ensorcelled Hibernation  Hex/Ice        36%        N/A       4%          2
 Passwall                 Tmut/Erth      15%        N/A       4%          2
 Volatile Blastmotes      Fire/Tloc      48%        2d14      4%          3
 Ozocubu's Armour         Ice            18%        N/A       8%          3
 Swiftness                Air            18%        N/A       8%          3
 Flame Wave               Conj/Fire      25%        2d8       12%         4
 Dispel Undead            Necr           18%        3d11      26%         4
 Death Channel            Necr           9%         N/A       99%         6
 Ozocubu's Refrigeration  Ice            9%         4d9       100%        7


Dungeon Overview and Level Annotations

Branches:
Dungeon (7/15)             Temple (1/1) D:5          Bailey (1/1)

Altars:
Ashenzari
Cheibriados
Gozag
Kikubaaqudgha
Makhleb
Nemelex Xobeh
Okawaru
Qazlal
Sif Muna
Trog
Uskayaw
Vehumet
Xom
Yredelemnul
Zin
The Shining One

Annotations:
D:4 Pikel


Innate Abilities, Weirdness & Mutations

You have very sharp teeth.
Your uncanny sense of smell can sniff out nearby items.
Your experience applies equally to all skills.


Message History

You take 13 damage, and have 38/65 hp.
You are too injured to fight recklessly!
You are too injured to fight recklessly!
You are too injured to fight recklessly!
Casting: Foxfire (safe; 1% risk of failure)
Confirm with . or Enter, or press ? or * to list all spells.
Flames lash the orc warrior.
The orc warrior's fire resistance burns away.
You hear a shout! x2
The foxfire hits the orc warrior.
The orc warrior is burned terribly!
The foxfire hits the orc warrior but does no damage.
The orc warrior closely misses you.
You now have 11/18 mp.
Casting: Scorch (safe; 1% risk of failure)
Confirm with . or Enter, or press ? or * to list all spells.
Flames lash the orc warrior.
The orc warrior is burned terribly!
Vehumet accepts your kill.
You now have 10/19 mp.
An orc knight comes into view. It is wielding a +0 halberd.
An orc comes into view. It is wielding a +0 trident.
Okay, then.
Okay, then.
You are too injured to fight recklessly!
There is a gate leading back out of this place here.
Casting: Scorch (safe; 1% risk of failure)
Confirm with . or Enter, or press ? or * to list all spells.
You conjure some foxfire!
Casting: Foxfire (safe; 1% risk of failure)
Confirm with . or Enter, or press ? or * to list all spells.
You conjure some foxfire!
The foxfire hits the orc but does no damage.
Casting: Foxfire (safe; 1% risk of failure)
Confirm with . or Enter, or press ? or * to list all spells.
You conjure some foxfire!
The foxfire hits the orc knight but does no damage.
The foxfire hits the orc.
The foxfire hits the orc!
Vehumet accepts your kill.
You now have 13/19 mp.
Casting: Foxfire (safe; 1% risk of failure)
Confirm with . or Enter, or press ? or * to list all spells.
You conjure some foxfire!
The foxfire hits the orc knight!
The foxfire hits the orc knight.
The orc knight roars a battlecry!
Casting: Foxfire (safe; 1% risk of failure)
Confirm with . or Enter, or press ? or * to list all spells.
You conjure some foxfire!
The foxfire hits the orc knight. x2
You now have 12/19 mp.
Casting: Foxfire (safe; 1% risk of failure)
Confirm with . or Enter, or press ? or * to list all spells.
Flames lash the orc knight.
The orc knight's fire resistance burns away.
You hear a shout!
The foxfire hits the orc knight but does no damage.
The foxfire hits the orc knight.
The orc knight is burned terribly!
An orc warrior comes into view. It is wielding a +0 glaive.
You now have 11/19 mp.
Casting: Scorch (safe; 1% risk of failure)
Confirm with . or Enter, or press ? or * to list all spells.
Flames lash the orc knight.
The orc knight is burned terribly!
The orc knight misses you.
You now have 9/19 mp.
Casting: Scorch (safe; 1% risk of failure)
Confirm with . or Enter, or press ? or * to list all spells.
You conjure some foxfire!
The orc knight hits you from afar with a +0 halberd.
You take 6 damage, and have 37/65 hp.
Casting: Foxfire (safe; 1% risk of failure)
Confirm with . or Enter, or press ? or * to list all spells.
You conjure some foxfire!
The foxfire hits the orc knight.
The orc knight is burned terribly!
The foxfire hits the orc knight but does no damage.
The orc knight barely misses you.
Casting: Foxfire (safe; 1% risk of failure)
Confirm with . or Enter, or press ? or * to list all spells.
You conjure some foxfire!
The foxfire hits the orc knight.
The orc knight is burned terribly!
The foxfire hits the orc knight but does no damage.
The orc knight hits you from afar with a +0 halberd!!
* * * LOW HITPOINT WARNING * * *
You take 25 damage, and have 13/65 hp.
MASSIVE DAMAGE!!
You now have 8/19 mp.
Casting: Foxfire (safe; 1% risk of failure)
Confirm with . or Enter, or press ? or * to list all spells.
You conjure some foxfire!
The foxfire hits the orc knight!
The orc knight is burned terribly!
The foxfire hits the orc knight but does no damage.
The orc knight closely misses you.
Casting: Foxfire (safe; 1% risk of failure)
Confirm with . or Enter, or press ? or * to list all spells.
You conjure some foxfire!
The foxfire hits the orc warrior.
The foxfire hits the orc warrior!
The orc warrior barely misses you.
The orc knight hits you from afar with a +0 halberd.
* * * LOW HITPOINT WARNING * * *
You take 3 damage, and have 10/65 hp.
You now have 7/19 mp.
Casting: Foxfire (safe; 1% risk of failure)
Confirm with . or Enter, or press ? or * to list all spells.
You conjure some foxfire!
The foxfire hits the orc knight!
The orc knight is burned terribly!
The foxfire hits the orc warrior but does no damage.
The orc warrior hits you from afar with a +0 glaive!!
You die...

♣♣♣♣♣♣♣♣ ♣♣......♣♣
♣...v....♣
#♣.§@v.∩..♣#
#..........#
##...oo.....##
#............###
#.♣............♣
###.♣♣..)....♣.♣..♣
♣♣................≈≈#
♣......#...)#....≈≈≈#
♣...≈≈≈≈#.)..#≈≈≈≈≈≈≈#


You could see an orc knight (combustible) and an orc warrior (strong, ally
target).

Vanquished Creatures
  2 steam dragons (D:7)
  4 orc warriors (Bailey)
  2 black bears (D:6)
  An ice beast (D:5)
  2 ogres
  A lemure (D:3)
  A bullfrog (D:6)
  5 scorpions
  2 howler monkeys (D:5)
  A vampire bat (D:3)
  4 orc priests
  4 hounds
  2 jellies (D:5)
  2 sleepcaps
  3 iguanas
  4 orc wizards (D:5)
  3 gnolls (D:3)
  7 adders
  A shadow imp (D:6)
  2 worms
  A dart slug (D:4)
  26 orcs
  2 ball pythons
  9 bats
  5 endoplasms
  2 giant cockroaches (D:1)
  6 goblins
  4 hobgoblins
  3 jackals (D:3)
  A quokka (D:4)
  3 frilled lizards (D:1)
  5 kobolds
  3 rats
123 creatures vanquished.

Vanquished Creatures (others)
  658 foxfires
658 creatures vanquished.

Grand Total: 781 creatures vanquished

Notes
Turn   | Place    | Note
-------+----------+-------------------------------------------
     0 | D:1      | IndexError the Gnoll Fire Elementalist began the quest for
                  | the Orb.
     0 | D:1      | Reached XP level 1. HP: 13/13 MP: 6/6
   111 | D:1      | Reached skill level 2 in Conjurations
   221 | D:1      | Reached XP level 2. HP: 19/19 MP: 0/7
  1060 | D:2      | Reached skill level 5 in Spellcasting
  1060 | D:2      | Reached XP level 3. HP: 20/25 MP: 3/9
  1063 | D:2      | Learned a level 2 spell: Scorch
  1386 | D:2      | Reached skill level 1 in Invocations
  2055 | D:3      | Reached skill level 1 in Fighting
  2055 | D:3      | Reached skill level 1 in Short Blades
  2055 | D:3      | Reached skill level 1 in Long Blades
  2055 | D:3      | Reached skill level 1 in Axes
  2055 | D:3      | Reached skill level 1 in Maces & Flails
  2055 | D:3      | Reached skill level 1 in Polearms
  2055 | D:3      | Reached skill level 1 in Staves
  2055 | D:3      | Reached skill level 1 in Ranged Weapons
  2055 | D:3      | Reached skill level 1 in Throwing
  2055 | D:3      | Reached skill level 1 in Armour
  2055 | D:3      | Reached skill level 1 in Shields
  2055 | D:3      | Reached skill level 1 in Unarmed Combat
  2055 | D:3      | Reached skill level 1 in Evocations
  2055 | D:3      | Reached XP level 4. HP: 31/32 MP: 4/11
  2412 | D:3      | Reached skill level 1 in Hexes
  2412 | D:3      | Reached skill level 1 in Summonings
  2412 | D:3      | Reached skill level 1 in Necromancy
  2412 | D:3      | Reached skill level 1 in Translocations
  2412 | D:3      | Reached skill level 1 in Transmutations
  2412 | D:3      | Reached skill level 1 in Ice Magic
  2412 | D:3      | Reached skill level 1 in Air Magic
  2412 | D:3      | Reached skill level 1 in Earth Magic
  2412 | D:3      | Reached skill level 1 in Poison Magic
  2412 | D:3      | Reached skill level 1 in Shapeshifting
  2854 | D:3      | Reached XP level 5. HP: 37/37 MP: 5/12
  3616 | D:4      | Noticed a lemure
  3616 | D:4      | Noticed a lemure
  3616 | D:4      | Noticed a lemure
  3616 | D:4      | Noticed a lemure
  3618 | D:4      | Noticed Pikel
  3622 | D:3      | Killed a lemure
  4080 | D:4      | Reached skill level 2 in Invocations
  4080 | D:4      | Reached XP level 6. HP: 42/44 MP: 1/13
  4230 | D:4      | Reached skill level 2 in Fighting
  4230 | D:4      | Reached skill level 2 in Short Blades
  4230 | D:4      | Reached skill level 2 in Long Blades
  4230 | D:4      | Reached skill level 2 in Axes
  4230 | D:4      | Reached skill level 2 in Maces & Flails
  4230 | D:4      | Reached skill level 2 in Polearms
  4230 | D:4      | Reached skill level 2 in Staves
  4230 | D:4      | Reached skill level 2 in Ranged Weapons
  4230 | D:4      | Reached skill level 2 in Throwing
  4230 | D:4      | Reached skill level 2 in Armour
  4230 | D:4      | Reached skill level 5 in Dodging
  4230 | D:4      | Reached skill level 2 in Shields
  4230 | D:4      | Reached skill level 2 in Unarmed Combat
  4230 | D:4      | Reached skill level 2 in Evocations
  4528 | D:4      | Found a stormy altar of Qazlal.
  4683 | D:5      | Entered Level 5 of the Dungeon
  4772 | D:5      | Found a staircase to the Ecumenical Temple.
  4781 | Temple   | Entered the Ecumenical Temple
  4812 | Temple   | Became a worshipper of Vehumet
  5332 | D:5      | Reached XP level 7. HP: 50/50 MP: 9/15
  5347 | D:5      | Reached skill level 2 in Hexes
  5347 | D:5      | Reached skill level 2 in Summonings
  5347 | D:5      | Reached skill level 2 in Necromancy
  5347 | D:5      | Reached skill level 2 in Translocations
  5347 | D:5      | Reached skill level 2 in Transmutations
  5347 | D:5      | Reached skill level 2 in Ice Magic
  5347 | D:5      | Reached skill level 2 in Air Magic
  5347 | D:5      | Reached skill level 2 in Earth Magic
  5347 | D:5      | Reached skill level 2 in Poison Magic
  5347 | D:5      | Reached skill level 2 in Shapeshifting
  5456 | D:5      | Reached skill level 3 in Conjurations
  5722 | D:5      | Reached skill level 5 in Stealth
  5792 | D:5      | Reached skill level 3 in Invocations
  5951 | D:5      | Reached skill level 6 in Fire Magic
  5954 | D:5      | Reached XP level 8. HP: 57/57 MP: 3/16
  6088 | D:5      | Reached skill level 3 in Fighting
  6088 | D:5      | Reached skill level 3 in Short Blades
  6088 | D:5      | Reached skill level 3 in Long Blades
  6088 | D:5      | Reached skill level 3 in Axes
  6088 | D:5      | Reached skill level 3 in Maces & Flails
  6088 | D:5      | Reached skill level 3 in Polearms
  6088 | D:5      | Reached skill level 3 in Staves
  6088 | D:5      | Reached skill level 3 in Ranged Weapons
  6088 | D:5      | Reached skill level 3 in Throwing
  6088 | D:5      | Reached skill level 3 in Armour
  6088 | D:5      | Reached skill level 3 in Shields
  6088 | D:5      | Reached skill level 3 in Unarmed Combat
  6088 | D:5      | Reached skill level 3 in Evocations
  6326 | D:5      | Reached skill level 6 in Spellcasting
  7106 | D:6      | Learned a level 3 spell: Inner Flame
  7401 | D:6      | Found a sparkling altar of Nemelex Xobeh.
  7440 | D:6      | Reached * piety under Vehumet
  7440 | D:6      | Offered knowledge of Sandblast by Vehumet.
  7441 | D:6      | Reached skill level 4 in Invocations
  7625 | D:6      | Reached skill level 3 in Hexes
  7625 | D:6      | Reached skill level 3 in Summonings
  7625 | D:6      | Reached skill level 3 in Necromancy
  7625 | D:6      | Reached skill level 3 in Translocations
  7625 | D:6      | Reached skill level 3 in Transmutations
  7625 | D:6      | Reached skill level 3 in Ice Magic
  7625 | D:6      | Reached skill level 3 in Air Magic
  7625 | D:6      | Reached skill level 3 in Earth Magic
  7625 | D:6      | Reached skill level 3 in Poison Magic
  7625 | D:6      | Reached skill level 3 in Shapeshifting
  7655 | D:6      | Reached skill level 6 in Dodging
  7766 | D:6      | Found an iron altar of Okawaru.
  7942 | D:7      | Reached XP level 9. HP: 26/65 MP: 13/18
  7983 | D:7      | Reached skill level 4 in Fighting
  7983 | D:7      | Reached skill level 4 in Short Blades
  7983 | D:7      | Reached skill level 4 in Long Blades
  7983 | D:7      | Reached skill level 4 in Axes
  7983 | D:7      | Reached skill level 4 in Maces & Flails
  7983 | D:7      | Reached skill level 4 in Polearms
  7983 | D:7      | Reached skill level 4 in Staves
  7983 | D:7      | Reached skill level 4 in Ranged Weapons
  7983 | D:7      | Reached skill level 4 in Throwing
  7983 | D:7      | Reached skill level 4 in Armour
  7983 | D:7      | Reached skill level 4 in Shields
  7983 | D:7      | Reached skill level 4 in Unarmed Combat
  7983 | D:7      | Reached skill level 4 in Conjurations
  7983 | D:7      | Reached skill level 4 in Evocations
  7987 | D:7      | Found a flagged portal.
  8098 | Bailey   | Entered a bailey
  8232 | Bailey   | Learned a level 4 spell: Airstrike
  8257 | Bailey   | Reached skill level 6 in Stealth
  8317 | Bailey   | Noticed an orc knight
  8334 | Bailey   | HP: 13/65 [orc knight/+0 halberd (25)]
  8337 | Bailey   | Demolished by an orc warrior

Illustrated notes

Levels and vault maps discovered:
D:1:      reono_arrival_mine, layout_basic
D:2:      layout_basic
D:3:      layout_basic, nicolae_concentric_dashed_squares_mild, corexii_shack,
          minmay_misc_feat_ornament, roderic_batcave
D:4:      layout_loops_ring, mainiacjoe_overflow_alcove_2, uniq_pikel
D:5:      layout_gridville, minmay_temple_entry_waves, minmay_divided_ellipse
D:6:      layout_loops_cross, mainiacjoe_overflow_cross_hatched,
          nemelex_dance_club_becter
D:7:      layout_basic, tgw_fedhas, enter_bailey_1
Temple:   oiseaux_autumnal_temple
Bailey:   bailey_polearm_elven_captive_hellmonk, bailey

Skill      XL: |  1  2  3  4  5  6  7  8  9 |
---------------+----------------------------+-----
Conjurations   | 2 3 4 |  4.2
Spellcasting   | 5 6 |  6.6
Invocations    | 1 2 3 4 |  4.7
Fighting       | 1 2 3 4 |  4.3
Short Blades   | 1 2 3 4 |  4.3
Long Blades    | 1 2 3 4 |  4.3
Axes           | 1 2 3 4 |  4.3
Maces & Flails | 1 2 3 4 |  4.3
Polearms       | 1 2 3 4 |  4.3
Staves         | 1 2 3 4 |  4.3
Ranged Weapons | 1 2 3 4 |  4.3
Throwing       | 1 2 3 4 |  4.3
Armour         | 1 2 3 4 |  4.3
Shields        | 1 2 3 4 |  4.3
Unarmed Combat | 1 2 3 4 |  4.3
Evocations     | 1 2 3 4 |  4.3
Hexes          | 1 2 3 |  3.5
Summonings     | 1 2 3 |  3.5
Necromancy     | 1 2 3 |  3.5
Translocations | 1 2 3 |  3.5
Transmutations | 1 2 3 |  3.5
Ice Magic      | 1 2 3 |  3.5
Air Magic      | 1 2 3 |  3.5
Earth Magic    | 1 2 3 |  3.5
Poison Magic   | 1 2 3 |  3.5
Shapeshifting  | 1 2 3 |  3.5
Dodging        | 5 6 |  6.3
Stealth        | 5 6 |  6.1
Fire Magic     | 6 |  6.6

Action                     |  1- 3 |  4- 6 |  7- 9 || total
---------------------------+-------+-------+-------++-------
  Melee: Dagger            |       |     3 |     1 ||     4
   Cast: Foxfire           |    61 |   119 |   209 ||   389
         Scorch            |     1 |    11 |    29 ||    41
 Armour: Robe              |     2 |    33 |    14 ||    49
  Dodge: Dodged            |     6 |    78 |    52 ||   136

Table legend: (Time is in decaauts)
 A = Elapsed time spent in this place.
 B = Non-inter-level travel time spent in this place.
 C = Inter-level travel time spent in this place.
 D = Time resting spent in this place.
 E = Time spent auto-exploring this place.
 F = Levels seen in this place.
 G = Mean time per level.
                   A        B        C        D        E       F      G
               +--------+--------+--------+--------+--------+-----+--------+
         Total |   8337 |   7839 |    498 |    111 |   6688 |   9 |  926.3 |
       Dungeon |   8036 |   7598 |    438 |    106 |   6569 |   7 | 1148.0 |
        Temple |     62 |      2 |     60 |      0 |      0 |   1 |   62.0 |
        Bailey |    238 |    238 |      0 |      5 |    119 |   1 |  238.0 |
               +--------+--------+--------+--------+--------+-----+--------+

Top non-repeatable levels by time:
     D:5: 1932 daAuts
     D:3: 1695 daAuts
     D:4: 1094 daAuts
     D:6: 1093 daAuts
     D:2: 1091 daAuts
     D:1: 949 daAuts
  Bailey: 238 daAuts
     D:7: 180 daAuts
  Temple: 62 daAuts

Levels and vault maps discovered:
D:1:      reono_arrival_mine, layout_basic
D:2:      layout_basic
D:3:      layout_basic, nicolae_concentric_dashed_squares_mild, corexii_shack,
          minmay_misc_feat_ornament, roderic_batcave
D:4:      layout_loops_ring, mainiacjoe_overflow_alcove_2, uniq_pikel
D:5:      layout_gridville, minmay_temple_entry_waves, minmay_divided_ellipse
D:6:      layout_loops_cross, mainiacjoe_overflow_cross_hatched,
          nemelex_dance_club_becter
D:7:      layout_basic, tgw_fedhas, enter_bailey_1
Temple:   oiseaux_autumnal_temple
Bailey:   bailey_polearm_elven_captive_hellmonk, bailey

Table legend: (Time is in decaauts)
 A = Elapsed time spent in this place.
 B = Non-inter-level travel time spent in this place.
 C = Inter-level travel time spent in this place.
 D = Time resting spent in this place.
 E = Time spent auto-exploring this place.
 F = Levels seen in this place.
 G = Mean time per level.
                   A        B        C        D        E       F      G
               +--------+--------+--------+--------+--------+-----+--------+
         Total |   8337 |   7839 |    498 |    111 |   6688 |   9 |  926.3 |
       Dungeon |   8036 |   7598 |    438 |    106 |   6569 |   7 | 1148.0 |
        Temple |     62 |      2 |     60 |      0 |      0 |   1 |   62.0 |
        Bailey |    238 |    238 |      0 |      5 |    119 |   1 |  238.0 |
               +--------+--------+--------+--------+--------+-----+--------+

Top non-repeatable levels by time:
     D:5: 1932 daAuts
     D:3: 1695 daAuts
     D:4: 1094 daAuts
     D:6: 1093 daAuts
     D:2: 1091 daAuts
     D:1: 949 daAuts
  Bailey: 238 daAuts
     D:7: 180 daAuts
  Temple: 62 daAuts

Table legend:
 A = Kills in this place as a percentage of kills in the entire game.
 B = Kills by you in this place as a percentage of kills by you in the entire game.
 C = Kills by friends in this place as a percentage of kills by friends in the entire game.
 D = Other kills in this place as a percentage of other kills in the entire game.
 E = Experience gained in this place as a percentage of experience gained in the entire game.
 F = Experience gained in this place divided by the number of levels of this place that you have seen.
                   A       B       C       D       E      F
               +-------+-------+-------+-------+-------+----------------------
         Total | 100.0 | 100.0 |   N/A |   N/A | 100.0 | 363.8
       Dungeon |  90.2 |  90.2 |   N/A |   N/A |  82.9 | 387.7
        Bailey |   9.8 |   9.8 |   N/A |   N/A |  17.1 | 560.0
               +-------+-------+-------+-------+-------+----------------------
